 Dungeon Crawl Stone Soup version 0.30.0-29-ga12c61a403 (webtiles) character file.

Game seed: 13467007056499044068

14 hawla the Firebug (level 2, 0/20 HPs)
             Began as a Meteoran Fire Elementalist on June 8, 2023.
             Slain by an orc
             ... wielding a +0 short sword
              (2 damage)
             ... on level 4 of the Dungeon.
             The game lasted 00:02:31 (313 turns).

hawla the Firebug (Meteoran Fire Elementalist)       Turns: 313, Time: 00:02:32

Health: 0/20       AC:  2    Str:  9    XL:     2   Next: 76%
Magic:  0/7        EV: 12    Int: 16    God:
Gold:   130        SH:  0    Dex: 14    Spells: 4/7 levels left

rFire   . . .        (no weapon)
rCold   . . .        (no shield)
rNeg    . . .        a - +0 robe
rPois   .            (no helmet)
rElec   .            (no cloak)
rCorr   .            (no gloves)
SInv    .            (no boots)
Will    .....        (no amulet)
Stlth   +            (no ring)
HPRegen 0.23/turn    (no ring)
MPRegen 0.10/turn

%: no passive effects
@: glowing
A: sense surroundings 1, otherworldly, glowing, explore regen
a: no special abilities


You were on level 4 of the Dungeon.
You visited 1 branch of the dungeon, and saw 4 of its levels.

You collected 130 gold pieces.

Inventory:

Armour
 a - a +0 robe (worn)
Scrolls
 f - a scroll of brand weapon {unknown}
 g - a scroll of poison {unknown}
 h - a scroll of noise {unknown}
Potions
 b - a potion of magic
 d - a potion of haste {unknown}
 e - a potion of lignification {unknown}


   Skills:
 + Level 2.5 Dodging
 - Level 1.4 Stealth
 + Level 3.0 Spellcasting
 + Level 1.4 Conjurations
 + Level 4.2 Fire Magic


You had 4 spell levels left.
You knew the following spells:

 Your Spells              Type           Power      Damage    Failure   Level
a - Foxfire               Conj/Fire      44%        2x1d6     6%          1
b - Scorch                Fire           30%        2d6       4%          2

Your spell library contained the following spells:

 Spells                   Type           Power      Damage    Failure   Level
 Summon Small Mammal      Summ           8%         N/A       19%         1
 Inner Flame              Hex/Fire       9%         N/A       24%         3
 Volatile Blastmotes      Fire/Tloc      18%        2d11      24%         3
 Call Canine Familiar     Summ           2%         N/A       50%         3
 Summon Guardian Golem    Hex/Summ       2%         N/A       50%         3
 Flame Wave               Conj/Fire      11%        2d6       52%         4


Dungeon Overview and Level Annotations

Branches:
Dungeon (4/15) Zot: 2059
 Temple: D:4-7

Altars:

Shops:
D:1 (


Innate Abilities, Weirdness & Mutations

You passively map a small area around you.
You are easily found by Zot.
You glow in the dark.
You regain HP and MP as you explore.


Message History

The orc wizard's fire resistance burns away.
The foxfire hits the orc wizard.
The orc wizard is heavily wounded.
The foxfire hits the orc wizard.
The orc wizard is burned terribly!
The orc wizard is severely wounded.
The orc closely misses you. The orc wizard barely misses you.
Casting: Scorch (safe; 4% risk of failure)
Confirm with . or Enter, or press ? or * to list all spells.
You conjure some foxfire!
The orc closely misses you. The orc wizard casts a spell at you.
You are confused.
The orc closely misses you.
You're too confused to cast spells.
Sorry, you're not good enough to have a special ability.
Unknown command.
You're too confused to cast spells.
Sorry, you're not good enough to have a special ability.
It was a potion of curing.
You feel better.
The foxfire hits the orc wizard but does no damage.
The orc wizard is severely wounded.
The foxfire hits the orc.
The orc is heavily wounded.
The orc hits you with a +0 short sword.
The orc wizard hits you with a +0 dagger.
The orc barely misses you.
Casting: Foxfire (safe; 6% risk of failure)
Confirm with . or Enter, or press ? or * to list all spells.
You conjure some foxfire!
The orc wizard is no longer more vulnerable to fire.
The orc hits you with a +0 short sword. The orc barely misses you.
The orc wizard hits you with a +0 dagger.
Casting: Foxfire (safe; 6% risk of failure)
Confirm with . or Enter, or press ? or * to list all spells.
Flames lash the orc wizard.
You kill the orc wizard!
The foxfire hits the orc but does no damage. x2
The orc hits you with a +0 mace!
* * * LOW HITPOINT WARNING * * *
The orc hits you with a +0 short sword.
You die...

, #...#. ###.#..
, * ...#.
....#.. ,
..#.#...... ,
*,,........#,. *
* .......#.. , ,
, * *#K........
,
##.#.#oo)......
* , ,
.......@.......
*
........ยง......
,
###..##.#....#.
* #. ,..#....:.
, , # *### #..#.
, * *..# * , * *
## * *, * *


You could see 2 orcs and a kobold.

Vanquished Creatures
  An orc wizard (D:4)
  An endoplasm (D:2)
  2 giant cockroaches (D:1)
  A goblin (D:1)
  2 quokkas (D:1)
  2 ball pythons
  2 bats (D:1)
  4 frilled lizards
15 creatures vanquished.

Vanquished Creatures (others)
  38 foxfires
38 creatures vanquished.

Grand Total: 53 creatures vanquished

Notes
Turn   | Place    | Note
-------+----------+-------------------------------------------
     0 | D:1      | hawla the Meteoran Fire Elementalist began the quest for
                  | the Orb.
     0 | D:1      | Reached XP level 1. HP: 14/14 MP: 5/5
    42 | D:1      | Reached XP level 2. HP: 20/20 MP: 1/6
    47 | D:1      | Reached skill level 4 in Fire Magic
    90 | D:1      | Found Diasymoy's Weapon Shop.
   299 | D:3      | Learned a level 2 spell: Scorch
   313 | D:4      | Slain by an orc

Illustrated notes

Levels and vault maps discovered:
D:1:      wander_arrival_peaceful_grave, layout_rooms, serial_shops, shop,
          minmay_pentomino_z2
D:2:      layout_loops_ring, chequers_serial_rivers_large_b
D:3:      layout_basic, portal_sewer_entry_f, serial_shops, shop_fountains
D:4:      kennysheep_the_goblin_king, layout_basic, serial_park_tiny_1

Skill      XL: |  1  2 |
---------------+-------+-----
Fire Magic     | 4 |  4.2
Spellcasting   | 3 |  3.0
Dodging        | |  2.5
Stealth        | |  1.4
Conjurations   | |  1.4

Action                     || total
---------------------------++-------
  Melee: Unarmed           ||     2
   Cast: Foxfire           ||    24
         Scorch            ||     2
    Use: Scroll            ||     2
         Potion            ||     1
 Armour: Robe              ||     4
  Dodge: Dodged            ||    21
